 Dungeon Crawl Stone Soup version 0.30-a0-439-g9e77e4d916 (webtiles) character file.

Game seed: 5294973174943734562

1 MachoJfn the Gusty (level 1, -1/11 HPs)
             Began as an Octopode Air Elementalist on Dec 10, 2022.
             Slain by a ball python (3 damage)
             ... on level 1 of the Dungeon.
             The game lasted 00:01:43 (356 turns).

MachoJfn the Gusty (Octopode Air Elementalist)       Turns: 356, Time: 00:01:43

Health: -1/11      AC:  1    Str:  7    XL:     1   Next: 20%
Magic:  3/3        EV: 13    Int: 17    God:
Gold:   0          SH:  0    Dex: 12    Spells: 3/4 levels left

rFire   . . .      SeeInvis .    b - +0 whip
rCold   . . .      Faith    .    (no shield)
rNeg    . . .      Spirit   .    (helmet restricted)
rPois   .          Reflect  .    (no amulet)
rElec   .          Harm     .    (no ring)
rCorr   .          Rampage  .    (no ring)
Will    .....                    (no ring)
Stlth   +++.......               (no ring)
HPRegen 0.21/turn                (no ring)
MPRegen 0.08/turn                (no ring)
                                 (no ring)
                                 (no ring)

@: no status effects
A: almost no armour, amphibious, 8 rings, camouflage 1, gelatinous body 1,
(nimble swimmer 1), tentacles
a: no special abilities


You were on level 1 of the Dungeon.
You visited 1 branch of the dungeon, and saw 1 of its levels.

Inventory:

Hand Weapons
 b - a +0 whip (weapon)
Potions
 a - a potion of magic


   Skills:
 + Level 2.0 Dodging
 + Level 2.6 Stealth
 + Level 2.0 Spellcasting
 + Level 1.0 Conjurations
 + Level 3.1 Air Magic


You had 3 spell levels left.
You knew the following spells:

 Your Spells              Type           Power      Damage    Failure   Level
a - Shock                 Conj/Air       32%        1d5       9%          1

Your spell library contained the following spells:

 Spells                   Type           Power      Damage    Failure   Level
 Static Discharge         Conj/Air       16%        2-3/arc   13%         2
 Swiftness                Air            12%        N/A       16%         3
 Momentum Strike          Conj/Tloc      6%         3d8       24%         2
 Blink                    Tloc           2%         N/A       28%         2
 Lesser Beckoning         Tloc           2%         N/A       50%         3
 Airstrike                Air            6%         2d(1-17)  47%         4


Dungeon Overview and Level Annotations

Branches:
Dungeon (1/15)

Altars:


Innate Abilities, Weirdness & Mutations

You cannot wear most types of armour.
You are amphibious.
You can wear up to eight rings at the same time.
Your skin changes colour to match your surroundings (Stealth+).
Your rubbery body absorbs attacks. (AC +1, EV +1)
((You are camouflaged when in or above water. (Stealth+)))
You have tentacles for arms and can constrict up to eight enemies at once.


Message History

There is a staircase leading out of the dungeon here.
You see here a +0 whip.
b - a +0 whip
b - a +0 whip (weapon)
There is an empty arch of ancient stone here.
There is an empty arch of ancient stone here.
The endoplasm quivers.
You see here 5 gold pieces.
You barely miss the endoplasm. The endoplasm hits you.
You hit the endoplasm. You squeeze the endoplasm.
You kill the endoplasm!
A bat comes into view.
Found a stone staircase leading down.
A ball python comes into view.
Found a purple potion.
There are monsters nearby!
The ball python hisses angrily.
You barely miss the bat. You grab the bat. You constrict the bat.
The bat hits you. x2
You barely miss the bat. Your squeeze misses the bat.
The bat is moderately wounded.
You constrict the bat. The bat closely misses you.
The bat struggles to escape constriction.
The bat escapes!
The bat completely misses you. The ball python barely misses you.
The ball python grabs you. The ball python constricts you.
You closely miss the ball python. You grab the ball python.
You constrict the ball python. The bat hits you. The ball python bites you.
The ball python constricts you.
* * * LOW HITPOINT WARNING * * *
The ball python barely misses you. The ball python constricts you.
* * * LOW HITPOINT WARNING * * *
The bat closely misses you.
You escape the ball python's grasp.
You release your grip on the ball python.
You closely miss the bat. You grab the bat.
The bat is moderately wounded.
You constrict the bat. The bat barely misses you.
The bat escapes!
The ball python bites you.
You die...

## . #.. #......
.♣♣.♣♣ # #...##.
.♣.. ♣#○# #..!##.§
♣..♣♣♣.§§#
#...##..♣♣♣8.8..♣⌠§#
#...# ♣..8...8♣.§.#
#...##♣♣♣8..∩..8♣♣.#
#...##..8.......8.♣
#.>@##♣♣..∩.<.∩...♣
#..S##♣.8.......8♣.#
#.....$♣.8..∩..8.♣♣#
##..###.♣♣8...8♣♣.#
#.....♣♣..8°8..♣○#
#.....☼§♣♣.♣♣♣♣°°#
#######°♣.♣♣ ♣.##
##§§ ♣...# ##○
#.#....


You could see a ball python.

Vanquished Creatures
  An endoplasm (D:1)
1 creature vanquished.

Notes
Turn   | Place    | Note
-------+----------+-------------------------------------------
     0 | D:1      | MachoJfn the Octopode Air Elementalist began the quest for
                  | the Orb.
     0 | D:1      | Reached XP level 1. HP: 11/11 MP: 3/3
   356 | D:1      | Slain by a ball python

Illustrated notes

Levels and vault maps discovered:
D:1:      heliophobic_arrival_enchanted_forest, layout_loops_ring,
          dreamdust_ecumenical_altar_drowned_temple

Action                   || total
-------------------------++-------
Melee: Whip              ||     6
       Constrict         ||     3
       Tentacles         ||     1
Dodge: Dodged            ||     6

Table legend: (Time is in decaauts)
 A = Elapsed time spent in this place.
 B = Non-inter-level travel time spent in this place.
 C = Inter-level travel time spent in this place.
 D = Time resting spent in this place.
 E = Time spent auto-exploring this place.
 F = Levels seen in this place.
 G = Mean time per level.
                   A        B        C        D        E       F      G
               +--------+--------+--------+--------+--------+-----+--------+
         Total |    356 |    327 |     29 |    300 |      0 |   1 |  356.0 |
       Dungeon |    356 |    327 |     29 |    300 |      0 |   1 |  356.0 |
               +--------+--------+--------+--------+--------+-----+--------+

Top non-repeatable levels by time:
     D:1: 356 daAuts
